 Dungeon Crawl Stone Soup version 0.30-a0-170-g85af917532 (webtiles) character file.

Game seed: 9815071018897032475

1219 qw the Chopper (level 8, -6/49 HPs)
             Began as a Gargoyle Fighter on Sept 30, 2022.
             Was an Initiate of Okawaru.
             Mangled by Maggie
             ... wielding a +0 morningstar of flaming
              (8 damage)
             ... on level 6 of the Dungeon.
             The game lasted 00:01:51 (5378 turns).

qw the Chopper (Gargoyle Fighter)                   Turns: 5378, Time: 00:01:51

Health: -6/49      AC: 17    Str: 21    XL:     8   Next: 47%
Magic:  8/8        EV:  6    Int: 10    God:    Okawaru [......]
Gold:   245        SH:  4    Dex:  9    Spells: 7/7 levels left

rFire   . . .      SeeInvis .    Y - +1 war axe
rCold   . . .      Faith    .    c - +0 buckler
rNeg    + . .      Spirit   .    k - +0 plate armour
rPois   inf        Reflect  .    (no helmet)
rElec   +          Harm     .    (no cloak)
rCorr   .          Rampage  .    (no gloves)
Will    .....                    (no boots)
Stlth   ..........               (no amulet)
HPRegen 0.16/turn                (no ring)
MPRegen 0.11/turn                (no ring)

@: no status effects
A: sickness immunity, AC +5, negative energy resistance 1, electricity
resistance, torment resistance 1, petrification resistance
a: Renounce Religion


You were on level 6 of the Dungeon.
You worshipped Okawaru.
Okawaru was noncommittal.
You visited 1 branch of the dungeon, and saw 6 of its levels.

You collected 245 gold pieces.


Innate Abilities, Weirdness & Mutations

You are immune to sickness and miasma.
Your stone body is resilient. (AC +5)
You are immune to poison.
You resist negative energy. (rN+)
You are resistant to electric shocks. (rElec)
You are resistant to unholy torment.
You are immune to petrification.


   Skills:
 - Level 5.2 Fighting
 + Level 7.7 Axes
 - Level 2.1 Throwing
 - Level 4.2 Armour
 - Level 1.1 Dodging
 - Level 3.2 Shields


You had 7 spell levels left.
You didn't know any spells.
Your spell library was empty.

Inventory:

Hand Weapons
 i - a +0 morningstar
 Y - a +1 war axe (weapon)
Missiles
 a - 3 boomerangs
 g - 5 silver javelins (quivered)
Armour
 c - a +0 buckler (worn)
 k - a +0 plate armour (worn)
Scrolls
 j - 2 scrolls of identify
Potions
 d - a potion of might
 f - 2 potions of mutation
 h - 2 potions of curing

Dungeon Overview and Level Annotations

Branches:
Dungeon (6/15)             Temple (0/1) D:6

Altars:
Ashenzari
Okawaru
Sif Muna

Shops:
D:1 :

Annotations:
D:6 Maggie


Message History

Maggie gestures wildly while chanting.
Maggie attempts to bespell you! You resist with some effort.
You closely miss Maggie.
Maggie hits you with a +0 morningstar of flaming.
Maggie burns you.
You closely miss Maggie.
Maggie hits you with a +0 morningstar of flaming!
Maggie burns you.
You closely miss Maggie. Maggie barely misses you.
Maggie says, "If you die in the Dungeon, but nobody's around to see it, does it really matter?"
Maggie hits you with a +0 morningstar of flaming.
Maggie burns you.
You hit Maggie.
Maggie is lightly wounded.
Maggie hits you but does no damage.
You barely miss Maggie.
Maggie is lightly wounded.
Maggie says, "Have you seen any dragons?"
You block Maggie's attack.
You hit Maggie but do no damage.
Maggie is lightly wounded.
You block Maggie's attack.
You hit Maggie.
Maggie is lightly wounded.
Maggie hits you with a +0 morningstar of flaming.
Maggie burns you.
You hit Maggie.
Maggie is lightly wounded.
Maggie hits you but does no damage.
You hit Maggie but do no damage.
Maggie is lightly wounded.
Maggie barely misses you.
You closely miss Maggie.
Maggie is lightly wounded.
Maggie hits you with a +0 morningstar of flaming.
Maggie burns you.
Maggie hits you with a +0 morningstar of flaming!
Maggie burns you!
You die...

# #..##.#...##......##
#. #....#...##...#..<#
...##...###......##..#
.>....8.###.#....#....#
...##....###...........#
#. #.......##.........##
# #..##....#..........#
....##?.##............#
.8.##..@...............
...#...@.......
...............
#..............
##.............
.........#.....
.#...###....... ....
####...


You could see Maggie.

Vanquished Creatures
  A water moccasin (D:5)
  An ice beast (D:5)
  2 black bears (D:5)
  2 ogres (D:5)
  A phantom (D:6)
  A necrophage (D:5)
  2 scorpions
  2 hounds (D:5)
  An orc priest (D:4)
  2 jellies (D:5)
  An iguana (D:4)
  2 orc wizards
  3 gnolls (D:4)
  6 adders
  An ufetubus (D:5)
  2 worms
  2 dart slugs (D:4)
  13 orcs
  7 ball pythons
  9 bats
  7 endoplasms
  A giant cockroach (D:3)
  7 hobgoblins
  7 jackals
  10 kobolds
  3 quokkas
  2 frilled lizards
  10 goblins
  4 rats
112 creatures vanquished.

Notes
Turn   | Place    | Note
-------+----------+-------------------------------------------
     0 | D:1      | qw the Gargoyle Fighter began the quest for the Orb.
     0 | D:1      | Reached XP level 1. HP: 14/14 MP: 1/1
     0 | D:1      | 0 ||| qw: Version: 0.2-a-12-gaebbb33
     0 | D:1      | 0 ||| qw: Game counter: 1577
     0 | D:1      | 0 ||| qw: Always use a shield: true
     0 | D:1      | 0 ||| qw: God list: Okawaru
     0 | D:1      | 0 ||| qw: Allow faded altars: false
     0 | D:1      | 0 ||| qw: Do Orc after D:15 true
     0 | D:1      | 0 ||| qw: Do second Lair branch before Depths: true
     0 | D:1      | 0 ||| qw: Lair rune preference: random
     0 | D:1      | 0 ||| qw: Plans: Normal, Zot:1-4, God:TSO, Crypt, Tomb,
                  | Pan, Slime:5, Hells, Abyss, Orb
     0 | D:1      | 0 ||| PLANNING D:1-11
    70 | D:1      | Found a faded altar of an unknown god.
    74 | D:1      | Reached skill level 2 in Axes
    77 | D:1      | Reached XP level 2. HP: 11/19 MP: 2/2
   557 | D:1      | Reached skill level 3 in Axes
   730 | D:1      | Reached XP level 3. HP: 23/23 MP: 3/3
   800 | D:1      | Found Mireidgh's Book Shop.
  1234 | D:1      | 1234 ||| DROPPING ring of flight.
  1235 | D:1      | 1235 ||| READING scroll labelled HORHEM HOOHUSH.
  1290 | D:1      | 1290 ||| READING 2 scrolls labelled JUNIVA FUPHIMP.
  1291 | D:1      | 1291 ||| READING 2 scrolls labelled GAPOECZ RISYEP.
  1292 | D:1      | 1292 ||| READING scroll labelled OQEARGHUNNY.
  1293 | D:1      | 1293 ||| DRINKING 2 golden potions.
  1294 | D:1      | 1294 ||| DROPPING scroll of noise.
  1295 | D:1      | 1295 ||| DROPPING scroll of amnesia.
  1319 | D:2      | 1319 ||| STAIRDANCE
  1604 | D:2      | 1604 ||| Stepping ~*~*~tactically~*~*~ (stealth).
  1705 | D:2      | 1705 ||| DROPPING +0 club.
  1709 | D:2      | Reached XP level 4. HP: 28/28 MP: 4/4
  2060 | D:2      | 2060 ||| DROPPING ring of wizardry.
  2061 | D:2      | 2061 ||| READING scroll labelled QUQAOT FOTZUALYSMO.
  2066 | D:2      | 2066 ||| READING scroll labelled ZOCKIB WOIZUL.
  2247 | D:3      | Reached skill level 4 in Axes
  2276 | D:3      | 2276 ||| Stepping ~*~*~tactically~*~*~ (stealth).
  2289 | D:3      | 2289 ||| Stepping ~*~*~tactically~*~*~ (stealth).
  2409 | D:3      | 2409 ||| Stepping ~*~*~tactically~*~*~ (stealth).
  2410 | D:3      | Found a broken altar of Ashenzari.
  2411 | D:3      | 2411 ||| Stepping ~*~*~tactically~*~*~ (hiding).
  2441 | D:3      | 2441 ||| DRINKING 3 potions of curing.
  2441 | D:3      | 2441 ||| (to cure confusion)
  2442 | D:3      | 2442 ||| DRINKING 2 potions of curing.
  2442 | D:3      | 2442 ||| (to cure confusion)
  2455 | D:3      | 2455 ||| FLEEEEING.
  2460 | D:3      | 2460 ||| STAIRDANCE
  2491 | D:2      | 2491 ||| READING scroll labelled VIATRUE UTEFO.
  2492 | D:2      | 2492 ||| READING scroll labelled ERIWNU TUFETS.
  2698 | D:3      | Reached XP level 5. HP: 32/32 MP: 5/5
  2870 | D:3      | 2870 ||| READING 4 scrolls of identify.
  2870 | D:3      | 2870 ||| IDENTIFYING cyan potion
  2871 | D:3      | 2871 ||| READING 3 scrolls of identify.
  2871 | D:3      | 2871 ||| IDENTIFYING purple potion
  2872 | D:3      | 2872 ||| READING 2 scrolls of identify.
  2872 | D:3      | 2872 ||| IDENTIFYING fizzy grey potion
  2873 | D:3      | 2873 ||| DROPPING potion of flight.
  2874 | D:3      | 2874 ||| DROPPING potion of brilliance.
  3058 | D:4      | Reached skill level 5 in Axes
  3061 | D:4      | 3061 ||| FLEEEEING.
  3065 | D:4      | 3065 ||| FLEEEEING.
  3066 | D:4      | 3066 ||| FLEEEEING.
  3067 | D:4      | 3067 ||| FLEEEEING.
  3289 | D:4      | 3289 ||| Stepping ~*~*~tactically~*~*~ (stealth).
  3301 | D:4      | 3301 ||| Stepping ~*~*~tactically~*~*~ (stealth).
  3314 | D:4      | Reached XP level 6. HP: 15/38 MP: 6/6
  3314 | D:4      | 3314 ||| FLEEEEING.
  3314 | D:4      | HP: 9/38 [something/magic dart (6)]
  3315 | D:4      | 3315 ||| FLEEEEING.
  3316 | D:4      | 3316 ||| DRINKING 2 potions of curing.
  3316 | D:4      | 3316 ||| (to cure confusion)
  3317 | D:4      | 3317 ||| FLEEEEING.
  3318 | D:4      | 3318 ||| FLEEEEING.
  3319 | D:4      | 3319 ||| FLEEEEING.
  3320 | D:4      | 3320 ||| FLEEEEING.
  3321 | D:4      | 3321 ||| FLEEEEING.
  3322 | D:4      | 3322 ||| FLEEEEING.
  3323 | D:4      | 3323 ||| FLEEEEING.
  3324 | D:4      | 3324 ||| FLEEEEING.
  3479 | D:4      | 3479 ||| Stepping ~*~*~tactically~*~*~ (stealth).
  3481 | D:4      | 3481 ||| Stepping ~*~*~tactically~*~*~ (stealth).
  3659 | D:4      | Reached skill level 1 in Dodging
  3740 | D:4      | 3740 ||| Stepping ~*~*~tactically~*~*~ (stealth).
  3963 | D:4      | 3963 ||| UPGRADING to +0 chain mail.
  3973 | D:4      | 3973 ||| DROPPING +0 scale mail.
  3992 | D:5      | Entered Level 5 of the Dungeon
  3992 | D:5      | Noticed an ice beast
  3998 | D:5      | Killed an ice beast
  3999 | D:5      | Reached XP level 7. HP: 32/43 MP: 7/7
  3999 | D:5      | 3999 ||| STAIRDANCE
  4194 | D:5      | 4194 ||| FLEEEEING.
  4195 | D:5      | 4195 ||| FLEEEEING.
  4196 | D:5      | 4196 ||| FLEEEEING.
  4200 | D:5      | 4200 ||| FLEEEEING.
  4204 | D:5      | 4204 ||| FLEEEEING.
  4207 | D:5      | 4207 ||| FLEEEEING.
  4208 | D:5      | 4208 ||| FLEEEEING.
  4210 | D:5      | 4210 ||| FLEEEEING.
  4211 | D:5      | 4211 ||| FLEEEEING.
  4216 | D:5      | Reached skill level 6 in Axes
  4539 | D:5      | Reached skill level 7 in Axes
  4560 | D:5      | Reached XP level 8. HP: 34/48 MP: 8/8
  4855 | D:5      | Identified the +6 arbalest "Juvoet" {venom, Will+}
  4919 | D:5      | Found a shimmering blue altar of Sif Muna.
  4926 | D:5      | Found an iron altar of Okawaru.
  4927 | D:5      | 4927 ||| PLANNING OKAWARU WORSHIP
  4927 | D:5      | 4927 ||| UPGRADING to +0 plate armour.
  4937 | D:5      | 4937 ||| DROPPING +0 chain mail.
  4938 | D:5      | 4938 ||| READING scroll labelled IXEIFACUAN.
  4939 | D:5      | 4939 ||| READING 3 scrolls of identify.
  4939 | D:5      | 4939 ||| IDENTIFYING bubbling pink potion
  4940 | D:5      | 4940 ||| DROPPING potion of magic.
  4963 | D:5      | Became a worshipper of Warmaster Okawaru
  4964 | D:5      | 4964 ||| PLANNING D:1-11
  5362 | D:6      | Found a staircase to the Ecumenical Temple.
  5365 | D:6      | Noticed Maggie
  5378 | D:6      | HP: 2/49 [Maggie/+0 morningstar of flaming (15)]
  5378 | D:6      | Mangled by Maggie

Levels and vault maps discovered:
D:1:      spicycebolla_arrival_xxxplode, layout_basic, serial_shops, shop,
          chequers_ecumenical_altar_island
D:2:      layout_loops_ring
D:3:      layout_loops_ring, evilmike_ruin_ashenzari, serial_bayou_pond_d,
          grunt_decor_cap
D:4:      layout_basic
D:5:      layout_loops_ring, mainiacjoe_overflow_catwalk_spiral
D:6:      layout_cave_pools, minmay_temple_entry_waves, uniq_crazy_yiuf_cottage,
          uniq_maggie

Skill      XL: |  1  2  3  4  5  6  7  8 |
---------------+-------------------------+-----
Axes           | 2 3 4 5 7 |  7.7
Fighting       | 4 5 |  5.2
Dodging        | 1 |  1.1
Throwing       | 2 |  2.1
Armour         | 4 |  4.2
Shields        | |  3.2

Action                   |  1- 3 |  4- 6 |  7- 9 || total
-------------------------+-------+-------+-------++-------
Melee: War axe           |    93 |   152 |    89 ||   334
Throw: Boomerang         |       |    16 |       ||    16
       Javelin           |       |     5 |    27 ||    32
  Use: Scroll            |     4 |     7 |     2 ||    13
       Potion            |     1 |     3 |       ||     4
Armor: Scale mail        |    60 |    78 |       ||   138
       Chain mail        |       |     3 |    52 ||    55
       Plate armour      |       |       |    13 ||    13
Dodge: Dodged            |    53 |    65 |    36 ||   154
Block: Buckler           |    15 |    34 |    20 ||    69

Table legend:
 A = Non-vault XP
 B = Vault XP
 C = Vault XP percentage of total XP
 D = Non-vault monster count
 E = Vault monster count
 F = Vault count percentage of total count
                 A         B        C        D         E       F
            +---------+---------+-------+---------+---------+-------
      Total |    1742 |       0 |   0.0 |     112 |       0 |   0.0
            +---------+---------+-------+---------+---------+-------
        D:1 |      44 |       0 |   0.0 |      24 |       0 |   0.0
        D:2 |      47 |       0 |   0.0 |      17 |       0 |   0.0
        D:3 |      75 |       0 |   0.0 |      23 |       0 |   0.0
        D:4 |     334 |       0 |   0.0 |      31 |       0 |   0.0
        D:5 |    1135 |       0 |   0.0 |      16 |       0 |   0.0
        D:6 |     107 |       0 |   0.0 |       1 |       0 |   0.0
            +---------+---------+-------+---------+---------+-------
